 Dungeon Crawl Stone Soup version 0.30.1 (webtiles) character file.

Game seed: 14017403549697675780

44 Graphine the Trooper (level 3, -1/33 HPs)
             Began as a Hill Orc Fighter on July 6, 2023.
             Slain by a gnoll
             ... wielding a +2 flail of protection
              (6 damage)
             ... on level 2 of the Dungeon.
             The game lasted 00:02:18 (864 turns).

Graphine the Trooper (Hill Orc Fighter)              Turns: 864, Time: 00:02:19

Health: -1/33      AC:  6    Str: 20    XL:     3   Next: 60%
Magic:  3/3        EV:  9    Int:  8    God:
Gold:   117        SH:  4    Dex: 10    Spells: 2/2 levels left

rFire   . . .        a - +0 trident
rCold   . . .        c - +0 buckler
rNeg    . . .        b - +0 scale mail
rPois   .            (no helmet)
rElec   .            (no cloak)
rCorr   .            (no gloves)
SInv    .            (no boots)
Will    .....        (no amulet) Stlth
                     (no ring)
HPRegen 0.25/turn    (no ring)
MPRegen 0.08/turn

%: no passive effects
@: mighty
A: no striking features
a: no special abilities


You were on level 2 of the Dungeon.
You visited 1 branch of the dungeon, and saw 2 of its levels.

You collected 117 gold pieces.

Inventory:

Hand Weapons
 a - a +0 trident (weapon)
 g - a +0 dagger of holy wrath
Armour
 b - a +0 scale mail (worn)
 c - a +0 buckler (worn)
Scrolls
 e - a scroll of enchant armour {unknown}
 f - a scroll of identify {unknown}
Potions
 d - a potion of might
 h - a potion of curing {unknown}
 i - a potion of magic {unknown}


   Skills:
 + Level 4.0 Fighting
 * Level 3.1 Polearms
 + Level 3.6 Armour
 + Level 3.6 Shields


You had 2 spell levels left.
You didn't know any spells.
Your spell library contained the following spells:

 Spells                   Type           Power      Damage    Failure   Level
 Sting                    Tmut/Pois      0%         1d3       83%         1
 Poisonous Vapours        Pois/Air       0%         N/A       92%         2
 Olgreb's Toxic Radiance  Pois           0%         N/A       100%        4


Dungeon Overview and Level Annotations

Branches:
Dungeon (2/15)

Altars:

Shops:
D:2 (


Message History

The gnoll is severely wounded.
You block the gnoll's attack.
You reach to attack!
You puncture the gnoll!
You kill the gnoll!
A quokka comes into view.
You hit the gnoll.
The gnoll is heavily wounded.
You block the gnoll's attack.
The gnoll hits you with a +2 flail of protection.
The gnoll misses you. You block the gnoll's attack.
You barely miss the gnoll.
The gnoll is heavily wounded.
The gnoll hits you with a +0 club. The gnoll barely misses you.
You completely miss the gnoll.
The gnoll is heavily wounded.
The gnoll hits you but does no damage. The gnoll barely misses you.
The quokka closely misses you.
You hit the gnoll but do no damage.
The gnoll is heavily wounded.
The quokka bites you but does no damage.
You block the gnoll's attack.
The gnoll hits you with a +2 flail of protection!
You barely miss the gnoll.
The gnoll is heavily wounded.
The quokka closely misses you.
The gnoll hits you with a +2 flail of protection!
The gnoll hits you but does no damage. The quokka barely misses you.
You are too injured to fight recklessly!
You are too injured to fight recklessly!
You feel very mighty all of a sudden.
The gnoll hits you with a +2 flail of protection.
* * * LOW HITPOINT WARNING * * *
The gnoll hits you with a +0 club.
* * * LOW HITPOINT WARNING * * *
The quokka barely misses you.
You puncture the gnoll!
The gnoll is severely wounded.
You block the gnoll's attack.
The gnoll hits you with a +2 flail of protection.
You die...

# #. ##. ####..#########
# # .!............# # .#
......g....<..# #....
......g@......# .....###
...?..r.......# .......
....#####.##### .##...
..# #.# .....### #
#####.##### .......####
#.........# ..........#
.#.........# ...##.###.#
.#.........#
#.......#.##.#.........#


You could see 2 gnolls and a quokka.

Vanquished Creatures
  A gnoll (D:2)
  2 endoplasms (D:1)
  A giant cockroach (D:1)
  3 goblins
  5 hobgoblins
  6 kobolds
  A quokka (D:1)
  3 ball pythons
  6 bats (D:1)
  2 frilled lizards (D:1)
  A rat (D:1)
31 creatures vanquished.

Notes
Turn   | Place    | Note
-------+----------+-------------------------------------------
     0 | D:1      | Graphine the Hill Orc Fighter began the quest for the Orb.
     0 | D:1      | Reached XP level 1. HP: 19/19 MP: 1/1
   113 | D:1      | Reached XP level 2. HP: 27/27 MP: 2/2
   596 | D:1      | Reached XP level 3. HP: 33/33 MP: 3/3
   770 | D:2      | Reached skill level 4 in Fighting
   822 | D:2      | Found Qeiluvai's Weapon Shoppe.
   864 | D:2      | Slain by a gnoll

Illustrated notes

Levels and vault maps discovered:
D:1:      dpeg_arrival_tiny_g, layout_basic
D:2:      layout_rooms, serial_shops, nicolae_shop_bloodbath_and_beyond

Skill      XL: |  1  2  3 |
---------------+----------+-----
Fighting       | 4 |  4.0
Polearms       | 3 |  3.1
Armour         | |  3.6
Shields        | |  3.6

Action                     || total
---------------------------++-------
  Melee: Trident           ||    79
    Use: Scroll            ||     2
         Potion            ||     1
 Armour: Scale mail        ||    29
  Dodge: Dodged            ||    30
  Block: Buckler           ||    19
